 Dungeon Sprint DCSS version 0.30.0-29-ga12c61a403 (webtiles) character file.

Game seed: 15650465879281466019

1631 boopmooplesden the Fighter (level 8, -1/90 HPs)
             Began as a Minotaur Berserker on June 19, 2023.
             Was a High Priest of Trog.
             Slain by a polar bear (6 damage)
             ... in the Dungeon (Sprint II: "The Violet Keep of Menkaure").
             The game lasted 00:02:52 (936 turns).

boopmooplesden the Fighter (Minotaur Berserker)      Turns: 936, Time: 00:02:53

Health: -1/90      AC:  6    Str: 24    XL:     8   Next: 65%
Magic:  7/7        EV: 13    Int:  4    God:    Trog [*****.]
Gold:   87         SH:  9    Dex: 10    Spells: 7/7 levels left

rFire   . . .        k - +2 spear (heavy)
rCold   . . .        i - +2 kite shield
rNeg    . . .        c - +2 leather armour of the Jackalope {rCorr}
rPois   .            (helmet restricted)
rElec   .            (no cloak)
rCorr   +            (no gloves)
SInv    .            (no boots)
Will    .....        (no amulet)
Stlth   +            (no ring)
HPRegen 0.35/turn    (no ring)
MPRegen 0.10/turn

%: no teleportation
@: on berserk cooldown, slowed, very slow
A: horns 2, retaliatory headbutt
a: Renounce Religion, Berserk, Trog's Hand, Brothers in Arms


You were in the Dungeon.
You worshipped Trog.
Trog was extremely pleased with you.
You visited 1 branch You collected 729 gold pieces.
You spent 642 gold pieces at shops.

Inventory:

Hand Weapons
 a - a +0 spear
 k - a +2 heavy spear (weapon)
Armour
 b - a +0 animal skin
 c - the +2 leather armour of the Jackalope (worn) {rCorr}
   (You bought it in a shop in the Dungeon)

   rCorr:     It protects you from acid and corrosion.
 i - a +2 kite shield (worn)
 j - the +2 robe of the Elephant {Will+}
   (You bought it in a shop in the Dungeon)

   Will:      It increases your willpower.
Scrolls
 h - a scroll of blinking
Potions
 d - a potion of heal wounds
 e - a potion of haste
 f - 2 potions of magic
 g - a potion of berserk rage


   Skills:
 + Level 14.8 Fighting
 + Level 14.3 Polearms
 + Level 7.8 Armour
 + Level 8.2 Dodging
 + Level 1.0 Stealth
 + Level 1.8 Shields


You had 7 spell levels left.
You didn't know any spells.
Your spell library was empty.

Dungeon Overview and Level Annotations

Branches:
Dungeon (1/1)

Altars:
Cheibriados
Dithmenos
Elyvilon
Fedhas
Hepliaklqana
Kikubaaqudgha
Makhleb
Qazlal
Ru
Sif Muna
Trog
Wu Jian
Xom
Jiyva
Lugonu

Shops:
D =(:(?![[==:!?[[

Annotations:
D exclusion: oklob plant, Roxanne


Innate Abilities, Weirdness & Mutations

You have a pair of horns on your head.
You reflexively headbutt those who attack you in melee.


Message History

The yaktaur unwields a +0 arbalest.
The yaktaur hits you!
You see here a hornet corpse.
You impale the yaktaur!!
The yaktaur is heavily wounded.
The polar bear bites you!
* * * LOW HITPOINT WARNING * * *
The polar bear closely misses you. The polar bear claws you.
* * * LOW HITPOINT WARNING * * *
The yaktaur hits you.
* * * LOW HITPOINT WARNING * * *
You barely miss the yaktaur.
The yaktaur is heavily wounded.
You block the polar bear's attack.
The polar bear claws you but does no damage. x2
The yaktaur hits you.
* * * LOW HITPOINT WARNING * * *
You impale the yaktaur!!
You kill the yaktaur!
Trog accepts your kill.
Trog will now gift you melee weapons as you gain piety.
You block the polar bear's attack. The polar bear barely misses you.
You block the polar bear's attack.
The polar bear bites you but does no damage.
The polar bear claws you but does no damage.
The polar bear barely misses you.
Your Polearms skill increases to level 14!
Your Dodging skill increases to level 8!
Your Stealth skill increases to level 1!
You hit the polar bear. You headbutt the polar bear.
The polar bear is almost dead.
The polar bear goes berserk!
You hit the polar bear but do no damage.
The polar bear is almost dead.
The polar bear bites you!
* * * LOW HITPOINT WARNING * * *
The polar bear claws you.
* * * LOW HITPOINT WARNING * * *
The polar bear claws you but does no damage.
You block the polar bear's attack. The polar bear claws you.
You die...

+++ ... ##.. #.
.##.#### +.### ..#....#
...#### B####..##
#..##$# ###.##..#
+^.#.)# ##...#..#
#..#h@#
.+.##'..####..##.#
##...#....###...##▓▓
###.##......~~~~~~~~~~~
.####~~..§..~#+########
..#~~~~~~§..~#.._.....#
.##~~~§~~~§.~#._._....#
##~~~≈≈≈~~§~~#_._._...#
~~~~§~≈≈≈≈~~§#._._._..#


You could see a polar bear (berserk).

Vanquished Creatures
  A merfolk siren (D)
  A yaktaur (D)
  2 polar bears (D)
  A hornet (D)
  2 water moccasins (D)
  4 necrophages (D)
  A hell rat (D)
  3 worms (D)
15 creatures vanquished.

Vanquished Creatures (others)
  Menkaure (D)
1 creature vanquished.

Grand Total: 16 creatures vanquished

Notes
Turn   | Place    | Note
-------+----------+-------------------------------------------
     0 | D        | boopmooplesden the Minotaur Berserker began the quest for
                  | the Orb.
     0 | D        | Reached XP level 1. HP: 19/19 MP: 0/0
     1 | D        | Noticed a necrophage
     1 | D        | Noticed a necrophage
     1 | D        | Noticed a necrophage
     1 | D        | Noticed a necrophage
     5 | D        | Killed a necrophage
     6 | D        | Reached XP level 2. HP: 31/31 MP: 1/1
     6 | D        | Reached XP level 3. HP: 38/38 MP: 2/2
     8 | D        | Killed a necrophage
     9 | D        | Reached XP level 4. HP: 48/48 MP: 3/3
    10 | D        | Killed a necrophage
    10 | D        | Reached ** piety under Trog
    11 | D        | Reached XP level 5. HP: 57/57 MP: 4/4
    14 | D        | Reached skill level 5 in Armour
    61 | D        | Killed Menkaure
    63 | D        | Noticed a merfolk siren
    70 | D        | Killed a merfolk siren
    71 | D        | Reached XP level 6. HP: 70/70 MP: 5/5
    71 | D        | Reached XP level 7. HP: 77/77 MP: 6/6
    80 | D        | Reached *** piety under Trog
    91 | D        | Identified Roxanne's Elucidation of Bedrock
    91 | D        | Noticed Roxanne
   284 | D        | Noticed a boulder beetle
   284 | D        | Noticed a boulder beetle
   476 | D        | Found Koine's Book Shop.
   476 | D        | Found Oneddiagh's Magic Scroll Shop.
   477 | D        | Found Kydimiq's Jewellery Boutique.
   477 | D        | Found Vyox Wafro's Jewellery Boutique.
   490 | D        | Reached **** piety under Trog
   491 | D        | Found Hoetuogiko's Antique Armour Boutique.
   491 | D        | Found Hatieluf's Antique Armour Shop.
   492 | D        | Found Eqaoddini's Antique Armour Shop.
   492 | D        | Found Igedosax's Distillery.
   492 | D        | Found Qisoivadgh's Antique Armour Boutique.
   493 | D        | Found Neqo's Distillery.
   614 | D        | Found Huixkoce's Magic Scroll Boutique.
   614 | D        | Found Toas's Weapon Shop.
   614 | D        | Noticed an oklob plant
   614 | D        | Noticed a wyvern
   615 | D        | Found Vaot Gys's Antique Weapon Shop.
   615 | D        | Found Xoofryss's Jewellery Boutique.
   615 | D        | Found Qoen's Book Shoppe.
   615 | D        | Noticed a wyvern
   618 | D        | Bought a shiny kite shield for 195 gold pieces
   645 | D        | Noticed a wyvern
   802 | D        | Noticed a slime creature
   802 | D        | Noticed a slime creature
   803 | D        | Bought a smoking leather armour for 119 gold pieces
   803 | D        | Identified the +2 leather armour of the Jackalope {rCorr}
                  | (You bought it in a shop in the Dungeon)
   816 | D        | Bought an ichor-stained robe for 142 gold pieces
   816 | D        | Identified the +2 robe of the Elephant {Will+} (You bought
                  | it in a shop in the Dungeon)
   818 | D        | Bought a runed spear for 186 gold pieces
   843 | D        | Found a stormy altar of Qazlal.
   843 | D        | Found an ornate altar of the Wu Jian Council.
   844 | D        | Found a hazy altar of Hepliaklqana.
   844 | D        | Found a sacrificial altar of Ru.
   844 | D        | Found a shimmering altar of Xom.
   845 | D        | Found a viscous altar of Jiyva.
   845 | D        | Found a shimmering blue altar of Sif Muna.
   846 | D        | Found a snail-covered altar of Cheibriados.
   846 | D        | Found an ancient bone altar of Kikubaaqudgha.
   846 | D        | Found a bloodstained altar of Trog.
   847 | D        | Found a shadowy altar of Dithmenos.
   847 | D        | Found a corrupted altar of Lugonu.
   912 | D        | Found a white marble altar of Elyvilon.
   912 | D        | Found a burning altar of Makhleb.
   913 | D        | Found a blossoming altar of Fedhas.
   915 | D        | Noticed a yaktaur
   915 | D        | Noticed a hornet
   915 | D        | Noticed a polar bear
   915 | D        | Noticed a polar bear
   922 | D        | Killed a polar bear
   923 | D        | Noticed a polar bear
   927 | D        | Killed a polar bear
   928 | D        | Reached XP level 8. HP: 88/88 MP: 7/7
   930 | D        | Killed a hornet
   931 | D        | Reached skill level 1 in Shields
   934 | D        | Killed a yaktaur
   934 | D        | Reached ***** piety under Trog
   935 | D        | Reached skill level 1 in Stealth
   936 | D        | Slain by a polar bear

Illustrated notes

Levels and vault maps discovered:
D:        the_violet_keep_of_menkaure [sprint2_stairs_cluster_1,
          sprint2_shoproom, sprint2_temple, sprint2_basic_supplies,
          sprint2_obstacle_6, sprint2_obstacle_2, sprint2_obstacle_5,
          sprint2_obstacle_7, sprint2_obstacle_4, sprint2_timed_cluster_1,
          sprint2_smallroom_cluster_1, sprint2_smallroom_final_cluster_1,
          sprint2_transparent_cluster_1, sprint2_second_timed_cluster_1,
          sprint2_sniper_area_1, sprint2_heavy_combat_area_1,
          sprint2_mutation_trap_area_1, sprint2_forest_area_1,
          sprint2_light_combat_area_1, sprint2_behind_water_1,
          sprint2_near_end_vault_1]

Skill      XL: |  1  2  3  4  5  6  7  8 |
---------------+-------------------------+-----
Fighting       | 6 8 9 12 13 14 | 14.8
Polearms       | 6 8 9 12 13 14 | 14.3
Armour         | 3 4 6 7 |  7.8
Dodging        | 3 4 6 7 8 |  8.2
Shields        | 1 |  1.8
Stealth        | 1 |  1.0

Action                     |  1- 3 |  4- 6 |  7- 9 || total
---------------------------+-------+-------+-------++-------
  Melee: Spear             |     4 |    10 |    57 ||    71
         Headbutt          |     1 |     3 |    18 ||    22
 Invoke: Berserk           |     1 |     1 |     1 ||     3
    Use: Potion            |       |       |     1 ||     1
 Armour: Animal skin       |     1 |       |     2 ||     3
         Leather armour    |       |       |    11 ||    11
  Dodge: Dodged            |     2 |     4 |    36 ||    42
  Block: Kite shield       |       |       |    14 ||    14
